| TOP OF THE 1ST |
|
Americus Braves batting - Pitching for Oakland Oaks : RHP Bob Waters
|
|
Pitching: RHP Bob Waters
|
|
|
Batting: RHB Ryan Cole
|
0-0: Called Strike 0-1: Foul Ball, location: 2F 0-2: Ball 1-2: Ball 2-2: Foul Ball, location: 2F 2-2: Ground out 6-3 (Groundball, 6, EV 86.9 MPH)
|
|
Batting: RHB Wilson Salgado
|
0-0: Ball 1-0: Swinging Strike 1-1: Swinging Strike 1-2: Strikes out swinging
|
|
Batting: LHB Garret Mathis
|
0-0: Called Strike 0-1: Swinging Strike 0-2: Ball 1-2: Foul Ball, location: 2F 1-2: Foul Ball, location: 2F 1-2: Ball 2-2: Fly out, F9 (Flyball, 89M, EV 72.5 MPH)
|
| Top of the 1st over - 0 runs, 0 hits, 0 errors, 0 left on base; Americus 0 - Oakland 0 |
| BOTTOM OF THE 1ST |
|
Oakland Oaks batting - Pitching for Americus Braves : RHP Danny Sosa
|
|
Pitching: RHP Danny Sosa
|
|
|
Batting: LHB Justin LeFlore
|
0-0: Ball 1-0: Foul Ball, location: 2F 1-1: Ball 2-1: Called Strike 2-2: Foul Ball, location: 2F 2-2: Ball 3-2: Base on Balls
|
|
Batting: SHB Steve McGee
|
0-0: Ball 1-0: Ball 2-0: Foul Ball, location: 2F 2-1: Ball 3-1: Called Strike 3-2: Strikes out swinging Justin LeFlore steals 2nd, throwing error, E2 Justin LeFlore to third
|
|
Batting: RHB Shi-xian Da
|
0-0: Called Strike 0-1: Ball 1-1: Called Strike 1-2: Ground out 6-3 (Groundball, 56, EV 88.1 MPH) Justin LeFlore scores
|
|
Batting: SHB Chris King
|
0-0: Called Strike 0-1: Foul Ball, location: 2F 0-2: Ball 1-2: Ball 2-2: Strikes out swinging
|
| Bottom of the 1st over - 1 run, 0 hits, 1 error, 0 left on base; Americus 0 - Oakland 1 |
| TOP OF THE 2ND |
|
Americus Braves batting - Pitching for Oakland Oaks : RHP Bob Waters
|
|
Batting: RHB Alex Guerra
|
0-0: Ball 1-0: Swinging Strike 1-1: Swinging Strike 1-2: Foul Ball, location: 2F 1-2: Ball 2-2: DOUBLE (Line Drive, 9LS, EV 94.4 MPH)
|
|
Batting: RHB Chris Foss
|
0-0: Ball 1-0: Foul Ball, location: 2F 1-1: Ball 2-1: Foul Ball, location: 2F 2-2: Foul Ball, location: 2F 2-2: Ball 3-2: Base on Balls
|
|
Batting: RHB Josh Maxwell
|
0-0: Ball 1-0: Called Strike 1-1: Ball 2-1: Fly out, F8 (Flyball, 8RD, EV 83.8 MPH)
|
|
Batting: RHB Jose Florez
|
0-0: Called Strike 0-1: Foul Ball, location: 2F 0-2: Ball 1-2: Strikes out swinging
|
|
Batting: RHB Bart Stevensdick
|
0-0: Foul Ball, location: 2F 0-1: Ball 1-1: Foul Ball, location: 2F 1-2: Foul Ball, location: 2F 1-2: Strikes out swinging
|
| Top of the 2nd over - 0 runs, 1 hit, 0 errors, 2 left on base; Americus 0 - Oakland 1 |
| BOTTOM OF THE 2ND |
|
Oakland Oaks batting - Pitching for Americus Braves : RHP Danny Sosa
|
|
Batting: LHB Ben Landry
|
0-0: Ball 1-0: Ball 2-0: SINGLE (Flyball, 78S, EV 95.0 MPH)
|
|
Batting: LHB Bryan Hodensack
|
0-0: Fly out, F8 (Flyball, 8RD, EV 96.2 MPH)
|
|
Batting: RHB Mario Medina
|
0-0: Foul Ball, location: 2F 0-1: Reached on error, E6 (Groundball, 6, EV 88.1 MPH) Ben Landry to second
|
|
Batting: RHB Matt Nehman
|
0-0: Ball 1-0: Fly out, F8 (Flyball, 8LD, EV 80.0 MPH)
|
|
Batting: RHB Ricky Ulloa
|
0-0: Called Strike 0-1: Ground out 6-3 (Groundball, 6M, EV 101.2 MPH)
|
| Bottom of the 2nd over - 0 runs, 1 hit, 1 error, 2 left on base; Americus 0 - Oakland 1 |
| TOP OF THE 3RD |
|
Americus Braves batting - Pitching for Oakland Oaks : RHP Bob Waters
|
|
Batting: RHB Juan Barela
|
0-0: Called Strike 0-1: Foul Ball, location: 2F 0-2: Strikes out looking
|
|
Batting: RHB Ryan Cole
|
0-0: Ball 1-0: Ball 2-0: Called Strike 2-1: Foul Ball, location: 2F 2-2: Foul Ball, location: 2F 2-2: Ball 3-2: Fly out, F9 (Flyball, 89S, EV 79.4 MPH)
|
|
Batting: RHB Wilson Salgado
|
0-0: Ball 1-0: Called Strike 1-1: Swinging Strike 1-2: Ball 2-2: Foul Ball, location: 2F 2-2: Foul Ball, location: 2F 2-2: Foul Ball, location: 2F 2-2: Fly out, F8 (Flyball, 8RXD, EV 89.4 MPH)
|
| Top of the 3rd over - 0 runs, 0 hits, 0 errors, 0 left on base; Americus 0 - Oakland 1 |
| BOTTOM OF THE 3RD |
|
Oakland Oaks batting - Pitching for Americus Braves : RHP Danny Sosa
|
|
Batting: LHB Justin LeFlore
|
0-0: Ball 1-0: Swinging Strike 1-1: Ball 2-1: Fly out, F6 (Popup, 6S, EV 81.2 MPH)
|
|
Batting: SHB Steve McGee
|
0-0: Called Strike 0-1: Called Strike 0-2: Ball 1-2: Fly out, F3 (Line Drive, 34, EV 71.2 MPH)
|
|
Batting: RHB Shi-xian Da
|
0-0: Called Strike 0-1: Ball 1-1: Called Strike 1-2: Ball 2-2: Foul Ball, location: 2F 2-2: Ground out 5-3 (Groundball, 56S, EV 88.1 MPH)
|
| Bottom of the 3rd over - 0 runs, 0 hits, 0 errors, 0 left on base; Americus 0 - Oakland 1 |
| TOP OF THE 4TH |
|
Americus Braves batting - Pitching for Oakland Oaks : RHP Bob Waters
|
|
Batting: LHB Garret Mathis
|
0-0: Called Strike 0-1: Ball 1-1: Foul Ball, location: 2F 1-2: Ball 2-2: Ball 3-2: Ground out U3 (Groundball, 34S, EV 81.9 MPH)
|
|
Batting: RHB Alex Guerra
|
0-0: Called Strike 0-1: Ball 1-1: Swinging Strike 1-2: Strikes out swinging
|
|
Batting: RHB Chris Foss
|
0-0: Ball 1-0: Ball 2-0: Ball 3-0: Swinging Strike 3-1: Foul Ball, location: 2F 3-2: Fly out, F3 (Popup, 3L, EV 71.9 MPH)
|
| Top of the 4th over - 0 runs, 0 hits, 0 errors, 0 left on base; Americus 0 - Oakland 1 |
| BOTTOM OF THE 4TH |
|
Oakland Oaks batting - Pitching for Americus Braves : RHP Danny Sosa
|
|
Batting: SHB Chris King
|
0-0: Called Strike 0-1: Fly out, F7 (Flyball, 78M, EV 73.8 MPH)
|
|
Batting: LHB Ben Landry
|
0-0: Fly out, F8 (Line Drive, 8RD, EV 88.8 MPH)
|
|
Batting: LHB Bryan Hodensack
|
0-0: Swinging Strike 0-1: Ball 1-1: SINGLE (Line Drive, 8LS, EV 109.4 MPH)
|
|
Batting: RHB Mario Medina
|
0-0: Called Strike 0-1: Fly out, F8 (Flyball, 8LM, EV 89.4 MPH)
|
| Bottom of the 4th over - 0 runs, 1 hit, 0 errors, 1 left on base; Americus 0 - Oakland 1 |
| TOP OF THE 5TH |
|
Americus Braves batting - Pitching for Oakland Oaks : RHP Bob Waters
|
|
Batting: RHB Josh Maxwell
|
0-0: Foul Ball, location: 2F 0-1: Ball 1-1: Foul Ball, location: 2F 1-2: Foul Ball, location: 2F 1-2: Ball 2-2: Foul Ball, location: 2F 2-2: Foul Ball, location: 2F 2-2: Strikes out looking
|
|
Batting: RHB Jose Florez
|
0-0: Ball 1-0: Called Strike 1-1: Fly out, F7 (Flyball, 78S, EV 81.9 MPH)
|
|
Batting: RHB Bart Stevensdick
|
0-0: Ball 1-0: Ball 2-0: Ball 3-0: Called Strike 3-1: Base on Balls
|
|
Batting: RHB Juan Barela
|
0-0: Called Strike 0-1: Foul Ball, location: 2F 0-2: Foul Ball, location: 2F 0-2: Ball 1-2: Ball 2-2: Ball 3-2: Foul Ball, location: 2F 3-2: Base on Balls Bart Stevensdick to second
|
|
Batting: RHB Ryan Cole
|
0-0: Ball 1-0: Ball 2-0: Foul Ball, location: 2F 2-1: Ball 3-1: Foul Ball, location: 2F 3-2: 3-RUN HOME RUN (Flyball, 7LD, EV 95.0 MPH), Distance : 358 ft
|
|
Batting: RHB Wilson Salgado
|
0-0: Bunt missed! 0-1: Ball 1-1: Fly out, F7 (Flyball, 7, EV 75.0 MPH)
|
| Top of the 5th over - 3 runs, 1 hit, 0 errors, 0 left on base; Americus 3 - Oakland 1 |
| BOTTOM OF THE 5TH |
|
Oakland Oaks batting - Pitching for Americus Braves : RHP Danny Sosa
|
|
Batting: RHB Matt Nehman
|
0-0: Foul Ball, location: 2F 0-1: Swinging Strike 0-2: Ground out 4-3 (Groundball, 4M, EV 80.6 MPH)
|
|
Batting: RHB Ricky Ulloa
|
0-0: Ground out 6-3 (Groundball, 6, EV 111.2 MPH)
|
|
Batting: LHB Justin LeFlore
|
0-0: Ball 1-0: Ball 2-0: Foul Ball, location: 2F 2-1: Fly out, F7 (Flyball, 7S, EV 83.8 MPH)
|
| Bottom of the 5th over - 0 runs, 0 hits, 0 errors, 0 left on base; Americus 3 - Oakland 1 |
| TOP OF THE 6TH |
|
Americus Braves batting - Pitching for Oakland Oaks : RHP Bob Waters
|
|
Pitching: RHP Brenden Niziolek
|
|
|
Batting: LHB Garret Mathis
|
0-0: Called Strike 0-1: Foul Ball, location: 2F 0-2: Foul Ball, location: 2F 0-2: Ball 1-2: Ball 2-2: Ground out 4-3 (Groundball, 4, EV 86.9 MPH)
|
|
Batting: RHB Alex Guerra
|
0-0: Ball 1-0: Called Strike 1-1: Ball 2-1: SINGLE (Flyball, 5D, EV 93.1 MPH)
|
|
Batting: RHB Chris Foss
|
0-0: Ball 1-0: Called Strike Alex Guerra is caught stealing 2nd base 2-4 1-1: Fly out, F9 (Flyball, 89S, EV 88.1 MPH)
|
| Top of the 6th over - 0 runs, 1 hit, 0 errors, 0 left on base; Americus 3 - Oakland 1 |
| BOTTOM OF THE 6TH |
|
Oakland Oaks batting - Pitching for Americus Braves : RHP Danny Sosa
|
|
Batting: SHB Steve McGee
|
0-0: Ball 1-0: Foul Ball, location: 2F 1-1: Called Strike 1-2: Fly out, F8 (Flyball, 8RD, EV 95.6 MPH)
|
|
Batting: RHB Shi-xian Da
|
0-0: Ball 1-0: Ball 2-0: Ball 3-0: Base on Balls
|
|
Batting: SHB Chris King
|
0-0: Grounds into double play, 4-6-3 (Groundball, 4S, EV 78.8 MPH)
|
| Bottom of the 6th over - 0 runs, 0 hits, 0 errors, 0 left on base; Americus 3 - Oakland 1 |
| TOP OF THE 7TH |
|
Americus Braves batting - Pitching for Oakland Oaks : RHP Brenden Niziolek
|
|
Batting: RHB Josh Maxwell
|
0-0: Foul Ball, location: 2F 0-1: Ball 1-1: Foul Ball, location: 2F 1-2: Foul Ball, location: 2F 1-2: Strikes out looking
|
|
Batting: RHB Jose Florez
|
0-0: Ball 1-0: Swinging Strike 1-1: Called Strike 1-2: Ball 2-2: Ball 3-2: Base on Balls
|
|
Batting: RHB Bart Stevensdick
|
0-0: Ball 1-0: SINGLE (Groundball, 15S, EV 64.4 MPH) (infield hit) Jose Florez to second
|
|
Batting: RHB Juan Barela
|
0-0: Foul Ball, location: 2F 0-1: Called Strike 0-2: Strikes out looking
|
|
Batting: RHB Ryan Cole
|
0-0: Ball 1-0: Ball 2-0: Swinging Strike 2-1: Foul Ball, location: 2F 2-2: Ball 3-2: Foul Ball, location: 2F 3-2: Ground out 6-3 (Groundball, 6, EV 85.0 MPH)
|
| Top of the 7th over - 0 runs, 1 hit, 0 errors, 2 left on base; Americus 3 - Oakland 1 |
| BOTTOM OF THE 7TH |
|
Oakland Oaks batting - Pitching for Americus Braves : RHP Danny Sosa
|
|
Batting: LHB Ben Landry
|
0-0: Ball 1-0: Ball 2-0: Ground out 2-3 (Groundball, 15S, EV 66.9 MPH)
|
|
Batting: LHB Bryan Hodensack
|
0-0: Ground out 4-3 (Groundball, 4, EV 86.9 MPH)
|
|
Batting: RHB Mario Medina
|
0-0: Ball 1-0: Ground out 5-3 (Groundball, 56, EV 90.0 MPH)
|
| Bottom of the 7th over - 0 runs, 0 hits, 0 errors, 0 left on base; Americus 3 - Oakland 1 |
| TOP OF THE 8TH |
|
Americus Braves batting - Pitching for Oakland Oaks : RHP Brenden Niziolek
|
|
Batting: RHB Wilson Salgado
|
0-0: Called Strike 0-1: Ball 1-1: TRIPLE (Flyball, 9D, EV 91.2 MPH)
|
|
Batting: LHB Garret Mathis
|
0-0: Intentional Walk
|
|
Pitching: LHP Andre Bradley
|
|
|
Batting: RHB Alex Guerra
|
0-0: Swinging Strike 0-1: Fly out, F7 (Flyball, 78M, EV 90.0 MPH) Runner from 3rd tags up, SCORES, throw by LF
|
|
Batting: RHB Chris Foss
|
0-0: Foul Ball, location: 2F 0-1: Ball 1-1: Foul Ball, location: 2F 1-2: SINGLE (Flyball, 6D, EV 86.9 MPH) Garret Mathis to second
|
|
Batting: RHB Josh Maxwell
|
0-0: Called Strike 0-1: Swinging Strike 0-2: Strikes out swinging
|
|
Batting: RHB Jose Florez
|
0-0: Foul Ball, location: 2F 0-1: Foul Ball, location: 2F 0-2: Ball 1-2: SINGLE (Groundball, 5S, EV 69.4 MPH) (infield hit) Garret Mathis to third Chris Foss to second
|
|
Batting: RHB Bart Stevensdick
|
0-0: Ball 1-0: SINGLE (Groundball, 6M, EV 98.8 MPH) (infield hit) Garret Mathis scores Chris Foss to third Jose Florez to second
|
|
Batting: RHB Juan Barela
|
0-0: Foul Ball, location: 2F 0-1: Foul Ball, location: 2F 0-2: Ball 1-2: Ball 2-2: Foul Ball, location: 2F 2-2: DOUBLE (Line Drive, 9LS, EV 101.9 MPH) Chris Foss scores Jose Florez scores Bart Stevensdick to third
|
|
Batting: RHB Ryan Cole
|
0-0: Ground out 5-3 (Groundball, 56, EV 88.8 MPH)
|
| Top of the 8th over - 4 runs, 5 hits, 0 errors, 2 left on base; Americus 7 - Oakland 1 |
| BOTTOM OF THE 8TH |
|
Oakland Oaks batting - Pitching for Americus Braves : RHP Danny Sosa
|
|
Pinch Hitting: LHB Diego Vega
|
0-0: Ball 1-0: Called Strike 1-1: Foul Ball, location: 2F 1-2: Ball 2-2: SINGLE (Groundball, 6MD, EV 97.5 MPH)
|
|
Pinch Hitting: RHB Moises Guzman
|
0-0: Fly out, F7 (Flyball, 7S, EV 89.4 MPH)
|
|
Batting: LHB Justin LeFlore
|
0-0: Ball 1-0: Foul Ball, location: 2F 1-1: Foul Ball, location: 2F 1-2: Grounds into double play, 4-6-3 (Groundball, 34, EV 83.1 MPH)
|
| Bottom of the 8th over - 0 runs, 1 hit, 0 errors, 0 left on base; Americus 7 - Oakland 1 |
| TOP OF THE 9TH |
|
Americus Braves batting - Pitching for Oakland Oaks : LHP Andre Bradley
|
|
Now at 1B: Diego Vega
|
|
|
Now at 2B: Edwin Nunez
|
|
|
Batting: RHB Wilson Salgado
|
0-0: Ball 1-0: Ball 2-0: Ground out 5-3 (Groundball, 5L, EV 103.1 MPH)
|
|
Batting: LHB Garret Mathis
|
0-0: Called Strike 0-1: Ground out 4-3 (Groundball, 4, EV 103.1 MPH)
|
|
Batting: RHB Alex Guerra
|
0-0: Fly out, F8 (Flyball, 8RD, EV 103.1 MPH)
|
| Top of the 9th over - 0 runs, 0 hits, 0 errors, 0 left on base; Americus 7 - Oakland 1 |
| BOTTOM OF THE 9TH |
|
Oakland Oaks batting - Pitching for Americus Braves : RHP Danny Sosa
|
|
Batting: SHB Steve McGee
|
0-0: Ball 1-0: Ground out 4-3 (Groundball, 34, EV 83.8 MPH)
|
|
Batting: RHB Shi-xian Da
|
0-0: Ball 1-0: Called Strike 1-1: Called Strike 1-2: Foul Ball, location: 2F 1-2: Ball 2-2: Fly out, F7 (Flyball, 7LSF, EV 99.4 MPH)
|
|
Batting: SHB Chris King
|
0-0: Called Strike 0-1: Swinging Strike 0-2: Strikes out looking
|
| Bottom of the 9th over - 0 runs, 0 hits, 0 errors, 0 left on base; Americus 7 - Oakland 1 |
|